 Dungeon Sprint DCSS version 0.20-a0-9-g62d82d9 (webtiles) character file.

3 packetloss the Ducker (level 1, -1/9 HPs)
             Began as a Spriggan Enchanter on Nov 1, 2016.
             Slain by an ooze (3 damage)
             ... in the Dungeon (Sprint IX: "|||||||||||||||||||||||||||||").
             The game lasted 00:00:15 (29 turns).

packetloss the Ducker (Spriggan Enchanter)            Turns: 29, Time: 00:00:16

Health: -1/9       AC:  3    Str:  4    XL:     1   Next: 41%
Magic:  5/5        EV: 20    Int: 16    God:
Gold:   0          SH:  0    Dex: 16    Spells: 1 memorised, 4 levels left

rFire  . . .     SeeInvis +     a - +1 dagger
rCold  . . .     Gourm    .     b - +1 robe
rNeg   . . .     Faith    .     (shield restricted)
rPois  .         Spirit   .     (helmet restricted)
rElec  .         Reflect  .     (no cloak)
rCorr  .         Harm     .     (gloves unavailable)
MR     .....     NoTele   +     (boots unavailable)
Stlth  +++.......               (no amulet)
                                (no ring)
                                (no ring)

@: very quick
A: unfitting armour, see invisible, herbivore 3, speed 3, slow metabolism 2
a: no special abilities


You were in the Dungeon.
You were not hungry.

You visited 1 branch

Inventory:

Hand Weapons
 a - a +1 dagger (weapon)
Armour
 b - a +1 robe (worn)
Scrolls
 j - a scroll of blinking {!r}
Potions
 e - a potion of curing
 f - a potion of heal wounds
 g - a potion of haste
 h - 2 potions of magic
 i - a potion of berserk rage {!q}
Books
 c - a book of Maledictions
Comestibles
 d - a bread ration {@e1}


   Skills:
 - Level 1.1 Short Blades
 + Level 5.2 Dodging
 - Level 4.4 Stealth
 - Level 2.6 Spellcasting
 - Level 3.6 Hexes


You had 4 spell levels left.
You knew the following spells:

 Your Spells              Type           Power        Failure   Level  Hunger
v - Corona                Hex            ##.....      6%          1    #......


Dungeon Overview and Level Annotations

Branches:
Dungeon (1/1)

Altars:


Innate Abilities, Weirdness & Mutations

You are very small and have problems with some larger weapons.
You are too small for most types of armour.
You have supernaturally acute eyesight. (SInv)
You are a herbivore.
You cover ground extremely quickly.
You need consume almost no food.


Message History

Welcome, packetloss the Spriggan Enchanter.
Found a staircase leading out of the dungeon.
You open the door.
A bat, an ooze, a giant cockroach and 2 goblins come into view.
The hobgoblin shouts!
The bat barely misses you.
Spoiler Alert: The giant cockroach (wandering) is fast!
You closely miss the bat. The bat hits you. The bat closely misses you.
Spoiler Alert: The giant cockroach (wandering) is fast!
You take 1 damage, and have 8/9 hp.
The ooze quivers.
You hit the bat. The bat hits you. The bat misses you.
Spoiler Alert: The giant cockroach is fast!
You take 1 damage, and have 7/9 hp.
You barely miss the bat. The bat completely misses you.
The ooze jiggles.
You hit the bat but do no damage. The bat closely misses you. x2
You hit the bat. The bat barely misses you.
You miss the bat. The bat closely misses you.
Spoiler Alert: The giant cockroach is fast!
You hit the bat.
You kill the bat!
You hit the goblin. The goblin hits you but does no damage.
You barely miss the goblin. The goblin hits you with a dagger.
You take 1 damage, and have 6/9 hp.
You hit the goblin.
You kill the goblin!
Your Dodging skill increases to level 4!
Spoiler Alert: The giant cockroach is fast!
You closely miss the hobgoblin. The hobgoblin closely misses you.
You hit the hobgoblin. The hobgoblin misses you.
You hit the hobgoblin. You hit the hobgoblin. The hobgoblin misses you.
You closely miss the hobgoblin. The hobgoblin closely misses you.
You hit the hobgoblin but do no damage. The hobgoblin misses you.
Spoiler Alert: The giant cockroach is fast!
You hit the hobgoblin.
You kill the hobgoblin!
Your Dodging skill increases to level 5!
You hit the ooze. The ooze hits you but does no damage.
You hit the ooze but do no damage. The ooze closely misses you.
You hit the ooze but do no damage. The ooze misses you.
Spoiler Alert: The giant cockroach is fast!
You hit the ooze. The ooze barely misses you.
You hit the ooze but do no damage. The ooze barely misses you.
You completely miss the ooze. You hit the ooze but do no damage.
The ooze hits you.
You take 2 damage, and have 4/9 hp.
MASSIVE DAMAGE!!
You are too injured to fight recklessly!
Spoiler Alert: The giant cockroach is fast!
You are too injured to fight recklessly!
You are too injured to fight recklessly!
You are too injured to fight recklessly!
You are too injured to fight recklessly!
You are too injured to fight recklessly!
You hit the ooze but do no damage. The ooze hits you.
* * * LOW HITPOINT WARNING * * *
Spoiler Alert: The giant cockroach is fast!
You take 2 damage, and have 2/9 hp.
MASSIVE DAMAGE!!
You hit the ooze but do no damage. The ooze hits you.
You die...

▓+▓
▓.▓
▓.▓
▓.▓
▓.▓
▓s▓
▓J▓
▓@▓
▓.▓
▓.▓
▓<▓
▓▓▓


You could see an ooze and a giant cockroach.

Vanquished Creatures
  A goblin (D)
  A hobgoblin (D)
  A bat (D)
3 creatures vanquished.

Notes
Turn   | Place    | Note
-------+----------+-------------------------------------------
     0 | D        | packetloss the Spriggan Enchanter began the quest for the Orb.
     0 | D        | Reached XP level 1. HP: 9/9 MP: 5/5
    13 | D        | Reached skill level 4 in Dodging
    20 | D        | Reached skill level 5 in Dodging
    28 | D        | HP: 2/9 [ooze (2)]
    29 | D        | Slain by an ooze

Vault maps used:
D:        linesprint

Skill      XL: |  1 |
---------------+----+-----
Dodging        | 5 |  5.2
Short Blades   | |  1.1
Stealth        | |  4.4
Spellcasting   | |  2.6
Hexes          | |  3.6

Action                   || total
-------------------------++-------
Melee: Dagger            ||    26
Armor: Robe              ||     1
Dodge: Dodged            ||    17

Vault maps used:
D:        linesprint

Table legend:
 A = Turns spent in this place as a percentage of turns spent in the entire game.
 B = Non-inter-level travel turns spent in this place as a percentage of non-inter-level travel turns spent in the entire game.
 C = Inter-level travel turns spent in this place as a percentage of turns spent in this place.
 D = Turns resting spent in this place as a percentage of non-inter-level travel turns spent in this place.
 E = Turns spent auto-exploring this place as a percentage of non-inter-level travel turns spent in this place.
 F = Non-inter-level travel turns spent in this place divided by the number of levels of this place that you've seen.
                   A       B       C       D       E      F
               +-------+-------+-------+-------+-------+----------------------
         Total | 100.0 | 100.0 |   0.0 |   0.0 |   0.0 |  36.0
       Dungeon | 100.0 | 100.0 |   0.0 |   0.0 |   0.0 |  36.0
               +-------+-------+-------+-------+-------+----------------------

Table legend:
 A = Kills in this place as a percentage of kills in entire the game.
 B = Kills by you in this place as a percentage of kills by you in the entire game.
 C = Kills by friends in this place as a percentage of kills by friends in the entire game.
 D = Other kills in this place as a percentage of other kills in the entire game.
 E = Experience gained in this place as a percentage of experience gained in the entire game.
 F = Experience gained in this place divided by the number of levels of this place that you have seen.
                   A       B       C       D       E      F
               +-------+-------+-------+-------+-------+----------------------
         Total | 100.0 | 100.0 |  -nan |  -nan | 100.0 |   5.0
       Dungeon | 100.0 | 100.0 |  -nan |  -nan | 100.0 |   5.0
               +-------+-------+-------+-------+-------+----------------------
